 Dungeon Crawl Stone Soup version 0.24.1-8-ga250c9d538 (webtiles) character file.

Game seed: 1008043330778115942, levelgen mode: deterministic

231 Peloso the Shield-Bearer (level 5, -5/42 HPs)
             Began as a Demonspawn Fighter on May 8, 2020.
             Slain by Duvessa
             ... wielding a +0 short sword
              (15 damage)
             ... on level 5 of the Dungeon.
             The game lasted 00:04:56 (2107 turns).

Peloso the Shield-Bearer (Demonspawn Fighter)       Turns: 2107, Time: 00:04:57

Health: -5/42      AC:  6    Str: 22      XL:     5   Next: 73%
Magic:  5/5        EV:  8    Int:  6 (9)  God:
Gold:   78         SH:  9    Dex: 11 (13) Spells: 4/4 levels left

rFire    . . .     SeeInvis .   a - +0 long sword
rCold    . . .     Gourm    .   c - +0 shield
rNeg     . . .     Faith    .   b - +0 scale mail
rPois    .         Spirit   .   (no helmet)
rElec    .         Reflect  .   (no cloak)
rCorr    .         Harm     .   (no gloves)
MR       .....                  (no boots)
Stlth    ..........             (no amulet)
HPRegen  0.14/turn              (no ring)
MPRegen  0.09/turn              (no ring)

@: mighty, glowing
A: powered by death 1, spiny 1
a: no special abilities


You were on level 5 of the Dungeon.
You were not hungry.

You visited 1 branch of the dungeon, and saw 4 of its levels.

You collected 78 gold pieces.

Inventory:

Hand Weapons
 a - a +0 long sword (weapon)
Armour
 b - a +0 scale mail (worn)
 c - a +0 shield (worn)
Scrolls
 e - 4 scrolls of teleportation {unknown}
 h - a scroll of amnesia {unknown}
 i - a scroll of immolation {unknown}
 j - a scroll of remove curse {unknown}
 l - a scroll of identify {unknown}
 m - a scroll of fear {unknown}
 o - a scroll of blinking {unknown}
Comestibles
 f - 6 rations


   Skills:
 + Level 3.7 Fighting
 + Level 3.2 Long Blades
 + Level 3.6 Armour
 + Level 1.1 Dodging
 + Level 0.1 Stealth
 + Level 3.7 Shields


You had 4 spell levels left.
You didn't know any spells.
Your spell library was empty.

Dungeon Overview and Level Annotations

Branches:
Dungeon (3/15)

Altars:
Fedhas
Gozag
Uskayaw

Annotations:
D:5 Duvessa


Innate Abilities, Weirdness & Mutations

You regenerate a little health from kills.
You are partially covered in sharp spines.


Message History

Duvessa hits you with a +0 short sword. You block Duvessa's attack.
Duvessa is struck by your spines. Duvessa barely misses you.
You riposte.
You closely miss Duvessa.
Duvessa is heavily wounded.
Items here: ! ) / [ † a +0 dagger; a +0 robe; a wand of random effects (24); a fuming coppery potion the elf corpse of Dowan Your shield prevents you from hitting Duvessa.
Duvessa is heavily wounded.
Duvessa hits you with a +0 short sword!
* * * LOW HITPOINT WARNING * * *
You block Duvessa's attack.
You slash Duvessa!
Duvessa is severely wounded.
You block Duvessa's attack. Duvessa hits you with a +0 short sword.
* * * LOW HITPOINT WARNING * * *
You hit Duvessa.
Duvessa is severely wounded.
Duvessa hits you with a +0 short sword!
You die...

##8.# #... #...
###.8 ...#
..######.#########
...)..............
#.e...#
#@####......
#....# ###..
#....#### #.##


You could see Duvessa (berserk).

Vanquished Creatures
  Dowan (D:5)
  5 adders
  3 gnolls
  2 oozes
  2 worms (D:2)
  A dart slug (D:2)
  2 leopard geckos (D:1)
  8 orcs
  9 bats
  7 giant cockroaches
  9 goblins
  7 hobgoblins
  5 jackals
  A quokka (D:2)
  2 ball pythons (D:1)
  4 frilled lizards
  9 kobolds
  5 rats
82 creatures vanquished.

Notes
Turn   | Place    | Note
-------+----------+-------------------------------------------
     0 | D:1      | Peloso the Demonspawn Fighter began the quest for the Orb.
     0 | D:1      | Reached XP level 1. HP: 18/18 MP: 1/1
    79 | D:1      | Gained mutation: You are partially covered in sharp spines.
                  | [demonic ancestry]
    79 | D:1      | Reached XP level 2. HP: 23/24 MP: 2/2
   342 | D:1      | Gained mutation: You regenerate a little health from kills.
                  | [demonic ancestry]
   342 | D:1      | Reached XP level 3. HP: 25/29 MP: 3/3
   743 | D:1      | Reached XP level 4. HP: 16/35 MP: 4/4
  1078 | D:2      | Found an opulent altar of Gozag.
  1577 | D:2      | Found a blossoming altar of Fedhas.
  1597 | D:2      | Reached XP level 5. HP: 29/41 MP: 5/5
  2027 | D:3      | Noticed a +0 dagger
  2027 | D:3      | Noticed a +0 hand axe
  2028 | D:3      | Found a hide-covered altar of Uskayaw.
  2094 | D:3      | You fall into a shaft and drop 2 floors!
  2094 | D:5      | Entered Level 5 of the Dungeon
  2095 | D:5      | Noticed Duvessa
  2095 | D:5      | Noticed Dowan
  2103 | D:5      | Killed Dowan
  2103 | D:5      | Reached skill level 1 in Dodging
  2107 | D:5      | Slain by Duvessa

Levels and vault maps discovered:
D:1:      scummos_arrival_simple_fountains, layout_basic, st_stairs_1
D:2:      layout_basic, old_standard_altar, fedhas_altar_fruit_tree
D:3:      cheibrodos_helix_gallery, layout_rooms, lemuel_round_altar,
          dancing_weapons_uskayaw, solitary_fountain
D:5:      layout_rooms, minitemple, uniq_blork_the_orc, uniq_edmund,
          uniq_duvessa

Skill      XL: |  1  2  3  4  5 |
---------------+----------------+-----
Long Blades    | 2 3 |  3.2
Shields        | 3 |  3.7
Armour         | 3 |  3.6
Dodging        | 1 |  1.1
Fighting       | |  3.7
Stealth        | |  0.1

Action                   |  1- 3 |  4- 6 || total
-------------------------+-------+-------++-------
Melee: Long sword        |    79 |   123 ||   202
  Use: Potion            |       |     4 ||     4
  Eat: Chunk             |       |     4 ||     4
Armor: Scale mail        |    49 |    52 ||   101
Dodge: Dodged            |    37 |    46 ||    83
Block: Shield            |    50 |    83 ||   133
       Rpst.: Long sword |    10 |    14 ||    24
